 Dungeon Crawl Stone Soup version 0.28-a0-1404-g4df0f3684d (webtiles) character file.

Game seed: 17738289468047850408

9802 HallandMoats the Protected (level 11, -1/79 HPs)
             Began as a Djinni Fighter on Jan 5, 2022.
             Was a Priest of Qazlal.
             Slain by a vampire mosquito (9 damage)
             ... on level 12 of the Dungeon.
             The game lasted 00:22:54 (16264 turns).

HallandMoats the Protected (Djinni Fighter)        Turns: 16264, Time: 00:22:54

Health: -1/79      AC: 12    Str: 17    XL:     11   Next: 81%
Gold:   1195       EV: 13    Int: 15    God:    Qazlal [***...] SH: 14 Dex: 14

rFire   + + +      SeeInvis .   a - +4 falchion of the Poles {vorpal, rElec rCorr Int+4}
rCold   . . .      Faith    .   c - +0 buckler
rNeg    . . .      Spirit   .   t - +4 ring mail
rPois   ∞          Reflect  +   (no helmet)
rElec   +          Harm     .   m - scarf {rC+ rF+}
rCorr   +          Rampage  .   f - +0 pair of gloves
Will    +....                   (boots unavailable)
Stlth   +.........              s - amulet of reflection
HPRegen 0.23/turn               (no ring)
MPRegen 0.00/turn               (no ring)

@: flying
A: sickness immunity, fire resistance 2, cold vulnerability 1, float, innate
caster, hp casting, extra vitality 1
a: Renounce Religion, Upheaval, Elemental Force


You were on level 12 of the Dungeon.
You worshipped Qazlal.
Qazlal was most pleased with you.
You visited 2 branches of the dungeon, and saw 13 of its levels.
You also visited: Sewer and Bailey.

You collected 1195 gold pieces.

Inventory:

Hand Weapons
 a - the +4 falchion of the Poles (weapon) {vorpal, rElec rCorr Int+4}
   (You found it on level 8 of the Dungeon)

   It inflicts extra damage upon your enemies.
   Int:       It affects your intelligence (+4).
   rElec:     It insulates you from electricity.
   rCorr:     It protects you from acid and corrosion.
 b - a +2 flail of venom
Missiles
 o - 3 throwing nets (quivered)
Armour
 c - a +0 buckler (worn)
 f - a +0 pair of gloves (worn)
 l - a +1 cloak of poison resistance
 m - a scarf of resistance (worn)
 q - a +0 ring mail of cold resistance
 t - a +4 ring mail (worn)
 z - the +1 scale mail of the Frog {Str+3}
   (You took it off a kobold in a bailey)

   Str:       It affects your strength (+3).
Jewellery
 s - an amulet of reflection (around neck)
 u - an amulet of the acrobat
 y - a ring of see invisible
 B - the amulet of Arrival {Spirit +Blink Str+5}
   (You found it on level 8 of the Dungeon)

   [amulet of guardian spirit]

   It causes incoming damage to be divided between your reserves of health and
   magic.
   Str:       It affects your strength (+5).
   +Blink:    It lets you blink.
 C - an amulet of faith
Wands
 v - a wand of flame (22)
 w - a wand of paralysis (7)
 A - a wand of digging (12)
 F - a wand of iceblast (4)
Scrolls
 e - 3 scrolls of teleportation
 j - a scroll of fear
 n - a scroll of immolation
 p - 6 scrolls of identify
 x - a scroll of fog
 D - a scroll of enchant armour
Potions
 d - 2 potions of ambrosia
 g - 2 potions of heal wounds
 h - 2 potions of lignification
 i - a potion of brilliance
 k - 3 potions of curing
 r - a potion of haste
 E - 3 potions of cancellation


   Skills:
 + Level 7.6 Fighting
 + Level 8.2 Long Blades
 * Level 9.1 Armour
 + Level 7.6 Dodging
 - Level 5.9 Shields
 * Level 6.7 Invocations


You couldn't memorise any spells.
You knew the following spells:

 Your Spells              Type           Power      Damage    Failure   Level
a - Shock                 Conj/Air       0%         1d3       50%         1
b - Corpse Rot            Necr/Air       0%         N/A       65%         2
c - Passwall              Tmut/Erth      0%         N/A       65%         2
d - Teleport Other        Tloc           0%         N/A       86%         3
e - Metabolic Englaciati  Hex/Ice        0%         N/A       100%        5
Your spell library was empty.


Dungeon Overview and Level Annotations

Branches:
Dungeon (12/15)            Temple (1/1) D:7            Lair (0/6) D:10
  Sewer (visited)          Bailey (visited)
    Orc: D:9-12

Altars:
Ashenzari
Cheibriados
Dithmenos
Elyvilon
Fedhas
Gozag
Hepliaklqana
Kikubaaqudgha
Makhleb
Nemelex Xobeh
Okawaru
Qazlal
Ru
Sif Muna
Trog
Uskayaw
Vehumet
Wu Jian
Xom
Yredelemnul
Zin
The Shining One

Shops:
D:9 (

Annotations:
D:9 1 runed translucent door, ASSMAN's ghost, novice HOBr


Innate Abilities, Weirdness & Mutations

You are immune to sickness and miasma.
You are immune to poison.
Your flesh is very heat resistant. (rF++)
You are vulnerable to cold. (rC-)
You float through the air rather than walking.
You learn spells naturally, not from books.
Your magical power is your life essence.
You have superior vitality. (+4 MHP)


Message History

You are too injured to fight recklessly!
The vampire mosquito bites you. The vampire mosquito barely misses you.
You block the vampire mosquito's attack.
You block the vampire mosquito's attack.
The vampire mosquito bites you!
The vampire mosquito bites you but does no damage.
The vampire mosquito bites you.
You block the vampire mosquito's attack.
The vampire mosquito bites you.
* * * LOW HITPOINT WARNING * * *
There is a stone staircase leading down here.
The vampire mosquito bites you.
* * * LOW HITPOINT WARNING * * *
You block the vampire mosquito's attack. x2
You fly downwards.
Found 7 gold pieces.
There is a stone staircase leading up here.
Unknown command.
You barely miss the vampire mosquito.
You block the vampire mosquito's attack.
The vampire mosquito closely misses you.
You slash the vampire mosquito!
The vampire mosquito is heavily damaged.
You block the vampire mosquito's attack.
The vampire mosquito misses you.
You hit the vampire mosquito.
The vampire mosquito is severely damaged.
The vampire mosquito bites you but does no damage.
You closely miss the vampire mosquito.
The vampire mosquito is severely damaged.
The vampire mosquito bites you.
* * * LOW HITPOINT WARNING * * *
The vampire mosquito bites you.
* * * LOW HITPOINT WARNING * * *
You closely miss the vampire mosquito.
The vampire mosquito is severely damaged.
You block the vampire mosquito's attack.
The vampire mosquito bites you!
You die...

.. ... ....
....#+#####
..........#
..........#
..........+
.......@..#
.#####.y§......
#.........
+.........
#........$
#####.....
..... .....


You could see a vampire mosquito.

Vanquished Creatures
  4 two-headed ogres
  An orc knight (Bailey)
  Joseph (D:10)
  A wind drake (shapeshifter) (D:10)
  Grinder (D:3)
  2 wyverns
  6 yaks
  2 vampire mosquitoes (D:11)
  An acid dragon (D:4)
  2 sky beasts
  A water moccasin (D:4)
  A black bear (D:4)
  A hornet zombie (D:7)
  An ice beast (D:7)
  9 orc warriors
  2 ogres (D:5)
  A necrophage (D:5)
  6 centaurs
  A phantom (D:5)
  5 kobold brigands
  2 bullfrogs
  2 gnoll sergeants
  2 scorpions
  A wyvern zombie (D:7)
  A water moccasin skeleton (D:7)
  4 howler monkeys
  A lava snake (D:9)
  3 hounds
  3 centaur zombies
  A jelly (D:4)
  3 orc priests
  3 gnoll shamans
  2 bullfrog skeletons
  A centaur skeleton (D:6)
  Jessica (D:2)
  2 iguanas (D:10)
  Natasha (thrice) (D:4)
  5 orc wizards
  A merfolk avatar (Sewer)
  A merfolk siren (Sewer)
  A killer bee zombie (D:7)
  A hound zombie (D:5)
  2 hound skeletons (D:4)
  2 howler monkey zombies (D:7)
  21 gnolls
  11 adders
  3 river rats (Sewer)
  A shadow imp (D:5)
  5 white imps
  4 dart slugs
  25 orcs
  5 endoplasms
  7 giant cockroaches
  11 goblins
  9 hobgoblins
  2 jackals (D:3)
  5 quokkas
  15 ball pythons
  3 bats
  9 frilled lizards
  35 kobolds
  23 rats
291 creatures vanquished.

Vanquished Creatures (others)
  A kobold (D:8)
1 creature vanquished.

Grand Total: 292 creatures vanquished

Notes
Turn   | Place    | Note
-------+----------+-------------------------------------------
     0 | D:1      | HallandMoats the Djinni Fighter began the quest for the
                  | Orb.
     0 | D:1      | Reached XP level 1. HP: 20/20 MP: 0/0
   265 | D:1      | Found a faded altar of an unknown god.
   339 | D:1      | Reached XP level 2. HP: 20/25 MP: 0/0
  1079 | D:2      | Noticed Jessica
  1096 | D:2      | Killed Jessica
  1097 | D:2      | Reached skill level 1 in Dodging
  1097 | D:2      | Reached XP level 3. HP: 20/30 MP: 0/0
  1097 | D:2      | Learned a level 1 spell: Shock
  1292 | D:2      | Reached XP level 4. HP: 34/35 MP: 0/0
  1852 | D:3      | Noticed Grinder
  1869 | D:3      | Killed Grinder
  1870 | D:3      | Reached XP level 5. HP: 38/41 MP: 0/0
  1870 | D:3      | Learned a level 2 spell: Corpse Rot
  1870 | D:3      | Reached XP level 6. HP: 44/47 MP: 0/0
  2404 | D:4      | Noticed an acid dragon
  2557 | D:4      | Reached skill level 4 in Armour
  2557 | D:4      | Reached XP level 7. HP: 46/52 MP: 0/0
  2557 | D:4      | Learned a level 2 spell: Passwall
  3023 | D:4      | Noticed Natasha
  3031 | D:4      | Killed Natasha
  3172 | D:4      | Noticed Natasha
  3177 | D:4      | Killed Natasha
  3486 | D:4      | Killed an acid dragon
  3487 | D:4      | Reached XP level 8. HP: 22/58 MP: 0/0
  3904 | D:4      | Noticed Natasha
  3913 | D:4      | Killed Natasha
  4116 | D:5      | Entered Level 5 of the Dungeon
  4225 | D:5      | Reached skill level 5 in Long Blades
  4355 | D:5      | Found a glowing drain.
  4370 | Sewer    | Entered a sewer
  4849 | Sewer    | Reached skill level 5 in Armour
  4873 | Sewer    | Reached skill level 5 in Fighting
  5364 | D:5      | Reached skill level 5 in Shields
  5417 | D:4      | Reached XP level 9. HP: 20/65 MP: 0/0
  5417 | D:4      | Learned a level 3 spell: Teleport Other
  6601 | D:6      | Reached skill level 5 in Dodging
  7652 | D:7      | Found a hide-covered altar of Uskayaw.
  7707 | D:7      | Found a staircase to the Ecumenical Temple.
  7782 | Temple   | Entered the Ecumenical Temple
  8005 | Temple   | Became a worshipper of Qazlal Stormbringer
  8055 | D:7      | Found a sacrificial altar of Ru.
  8057 | D:7      | Found a broken altar of Ashenzari.
  8057 | D:7      | Found an opulent altar of Gozag.
  8057 | D:7      | Found a snail-covered altar of Cheibriados.
  8183 | D:7      | Reached skill level 6 in Armour
  8304 | D:7      | Reached skill level 1 in Invocations
  8732 | D:8      | Identified the +4 falchion of the Poles {vorpal, rElec
                  | rCorr Int+4}
  8742 | D:8      | Reached XP level 10. HP: 68/72 MP: 0/0
  9014 | D:8      | Identified the amulet of Arrival {Spirit +Blink Str+5}
  9236 | D:8      | Noticed a two-headed ogre
  9250 | D:8      | Killed a two-headed ogre
  9796 | D:9      | Reached skill level 7 in Armour
  9804 | D:9      | Reached * piety under Qazlal
 10206 | D:9      | Found a runed translucent door.
 10207 | D:9      | Found a shimmering altar of Xom.
 10207 | D:9      | Noticed ASSMAN's ghost (novice HOBr)
 10207 | D:9      | Noticed a +0 hand axe of chaos
 10787 | D:9      | Found Fufulirph's Weapon Emporium.
 10790 | D:9      | Noticed a two-headed ogre
 10824 | D:8      | Killed a two-headed ogre
 11779 | D:10     | Entered Level 10 of the Dungeon
 11801 | D:10     | Noticed a two-headed ogre
 11808 | D:10     | HP: 2/73 [two-headed ogre (28)]
 11813 | D:10     | HP: 2/73 [two-headed ogre (1)]
 11818 | D:10     | Killed a two-headed ogre
 11819 | D:10     | Reached XP level 11. HP: 20/78 MP: 0/0
 11819 | D:10     | Learned a level 5 spell: Metabolic Englaciation
 12175 | D:10     | Found a basalt altar of Yredelemnul.
 12184 | D:10     | Found a flagged portal.
 12191 | Bailey   | Entered a bailey
 12217 | Bailey   | Identified the +1 scale mail of the Frog {Str+3}
 12233 | Bailey   | Reached ** piety under Qazlal
 12294 | Bailey   | Reached skill level 5 in Invocations
 12311 | Bailey   | Reached skill level 8 in Armour
 12339 | Bailey   | Noticed an orc knight
 13259 | Bailey   | Killed an orc knight
 14022 | D:10     | Found a staircase to the Lair.
 14026 | D:10     | Found a bloodstained altar of Trog.
 14144 | D:10     | Noticed Joseph
 14157 | D:10     | Killed Joseph
 15172 | D:11     | Noticed a two-headed ogre
 15174 | D:11     | Noticed a harpy
 15174 | D:11     | a queen bee changed into a harpy
 15175 | D:11     | a harpy changed into a guardian serpent
 15617 | D:10     | Killed a two-headed ogre
 16007 | D:11     | Reached skill level 9 in Armour
 16245 | D:11     | Reached *** piety under Qazlal
 16264 | D:12     | Slain by a vampire mosquito

Illustrated notes

Levels and vault maps discovered:
D:1:      minmay_arrival_doors, layout_basic, hellmonk_ecumenical_altar_lost_god
D:2:      minmay_wonky_spiral, layout_basic, minmay_tromino_v2, uniq_jessica
D:3:      layout_loops_ring, uniq_grinder
D:4:      layout_basic, uniq_natasha
D:5:      layout_loops_ring, lightli_ossuary_entry_decrepit_ruins,
          gup_sewer_entry_glass
D:6:      layout_rooms
D:7:      layout_gridville, grunt_temple_overflow_open, marbit_many_paths,
          minmay_temple_entry_glass
D:8:      layout_loops_ring, hellmonk_bongcloud_opening
D:9:      layout_layer_cave, serial_shops, shop, ebering_ghost_xom,
          kennysheep_small_spiral
D:10:     layout_rooms, lemuel_doored_altar, trog_butcher_becter,
          lair_entry_dummy, serial_curves, eino_curves_02, eino_curves_04,
          enter_bailey_3, uniq_joseph
D:11:     layout_cave_pods, erik_orc_4, lemuel_old_faithful
D:12:     layout_gridville, maelrawn_ghost_gauntlet_escape,
          kennysheep_generic_room_10
Temple:   regret_index_temple_generic_petals

Skill      XL: |  1  2  3  4  5  6  7  8  9 10 11 |
---------------+----------------------------------+-----
Long Blades    | 2 3 4 5 7 8 |  8.2
Dodging        | 1 2 3 4 5 6 7 |  7.6
Fighting       | 4 5 6 7 |  7.6
Armour         | 4 5 6 7 9 |  9.1
Shields        | 4 5 |  5.9
Invocations    | 1 4 6 |  6.7

Action                   |  1- 3 |  4- 6 |  7- 9 | 10-12 || total
-------------------------+-------+-------+-------+-------++-------
Melee: Long sword        |    50 |   113 |    79 |       ||   242
       Flail             |       |       |   480 |   128 ||   608
       Falchion          |       |       |     5 |   308 ||   313
 Abil: Evoke Blink       |       |       |       |     1 ||     1
  Use: Potion            |       |     1 |     3 |     2 ||     6
       Scroll            |       |       |    11 |     7 ||    18
Armor: Scale mail        |    34 |    70 |    79 |     8 ||   191
       Ring mail         |       |       |   306 |   136 ||   442
Dodge: Dodged            |    27 |    43 |   431 |   311 ||   812
Block: Buckler           |    18 |    29 |   439 |   268 ||   754
       Reflection        |       |       |     5 |    14 ||    19

Table legend: (Time is in decaauts)
 A = Elapsed time spent in this place.
 B = Non-inter-level travel time spent in this place.
 C = Inter-level travel time spent in this place.
 D = Time resting spent in this place.
 E = Time spent auto-exploring this place.
 F = Levels seen in this place.
 G = Mean time per level.
                   A        B        C        D        E       F      G
               +--------+--------+--------+--------+--------+-----+--------+
         Total |  16569 |  16110 |    459 |   4207 |   8571 |  15 | 1104.6 |
       Dungeon |  14032 |  13634 |    398 |   3314 |   7752 |  12 | 1169.3 |
        Temple |    264 |    203 |     61 |      0 |    192 |   1 |  264.0 |
         Sewer |   1031 |   1031 |      0 |    137 |    595 |   1 | 1031.0 |
        Bailey |   1241 |   1241 |      0 |    756 |     32 |   1 | 1241.0 |
               +--------+--------+--------+--------+--------+-----+--------+

Top non-repeatable levels by time:
    D:10: 2563 daAuts
     D:9: 1800 daAuts
     D:4: 1731 daAuts
     D:5: 1359 daAuts
     D:8: 1258 daAuts
  Bailey: 1241 daAuts
     D:7: 1157 daAuts
   Sewer: 1031 daAuts
     D:1: 978 daAuts
     D:3: 910 daAuts
     D:2: 823 daAuts
     D:6: 732 daAuts
    D:11: 714 daAuts
  Temple: 264 daAuts
    D:12: 4 daAuts
